 Dungeon Crawl Stone Soup version 0.29.1-2-gbd0b4ee654 (webtiles) character file.

Game seed: 13080276500865244560

1045 qeuew the Ducker (level 8, -10/61 HPs)
             Began as a Merfolk Gladiator on Nov 15, 2022.
             Was an Initiate of Hepliaklqana.
             Mangled by an ogre
             ... wielding a +0 giant club
              (27 damage)
             ... on level 5 of the Dungeon.
             The game lasted 00:06:21 (5361 turns).

qeuew the Ducker (Merfolk Gladiator)                Turns: 5361, Time: 00:06:22

Health: -10/61     AC:  4    Str: 18    XL:     8   Next: 25%
Magic:  8/8        EV: 20    Int:  6    God:    Hepliaklqana [......]
Gold:   887        SH:  0    Dex: 23    Spells: 7/7 levels left

rFire   . . .      SeeInvis .   a - +0 trident
rCold   . . .      Faith    .   (no shield)
rNeg    . . .      Spirit   .   b - +0 leather armour
rPois   +          Reflect  .   c - +0 helmet
rElec   .          Harm     .   (no cloak)
rCorr   .          Rampage  .   (no gloves)
Will    .....                   (no boots)
Stlth   ++........              (no amulet)
HPRegen 0.20/turn               n - +4 ring of evasion
MPRegen 0.11/turn               k - +6 ring of dexterity

@: no status effects
A: (nimble swimmer 2), mertail, poison resistance, strong 1
a: Renounce Religion


You were on level 5 of the Dungeon.
You worshipped Hepliaklqana.
Hepliaklqana was noncommittal.
You visited 2 branches of the dungeon, and saw 6 of its levels.

You collected 887 gold pieces.

Inventory:

Hand Weapons
 a - a +0 trident (weapon)
Missiles
 d - 3 throwing nets (quivered)
 e - a javelin
Armour
 b - a +0 leather armour (worn)
 c - a +0 helmet (worn)
Jewellery
 k - a +6 ring of dexterity (right hand)
 n - a +4 ring of evasion (left hand)
Wands
 j - a wand of mindburst (11)
Scrolls
 f - a scroll of enchant weapon
 g - 3 scrolls of identify
 h - a scroll of blinking
 i - a scroll of fear
 o - a scroll of poison
 p - a scroll of brand weapon {unknown}
Potions
 l - a potion of haste
 m - a potion of berserk rage


   Skills:
 + Level 4.6 Fighting
 + Level 6.4 Polearms
 + Level 4.4 Throwing
 + Level 2.6 Armour
 + Level 6.5 Dodging
 + Level 3.0 Evocations


You had 7 spell levels left.
You didn't know any spells.
Your spell library contained the following spells:

 Spells                   Type           Power      Damage    Failure   Level
 Gell's Gravitas          Tloc           0%         N/A       87%         3
 Teleport Other           Tloc           0%         N/A       87%         3
 Dispersal                Tloc           0%         N/A       100%        6
 Chain Lightning          Conj/Air       0%         N/A       100%        9
 Fire Storm               Conj/Fire      0%         5d1       100%        9
 Shatter                  Erth           0%         3d5*      100%        9


Dungeon Overview and Level Annotations

Branches:
Dungeon (5/15)             Temple (1/1) D:4

Altars:
Ashenzari
Cheibriados
Dithmenos
Elyvilon
Fedhas
Hepliaklqana
Kikubaaqudgha
Makhleb
Nemelex Xobeh
Okawaru
Qazlal
Ru
Sif Muna
Uskayaw
Xom
The Shining One

Shops:
D:2 !


Innate Abilities, Weirdness & Mutations

((You are very nimble when in or above water. (Stealth+, EV+, Speed+++)))
Your lower body shifts to a powerful aquatic tail in water.
Your system is resistant to poisons. (rPois)
Your muscles are strong. (Str +4, Int/Dex -1)


Message History

The gnoll sergeant hits you from afar with a +0 spear.
You hit the ogre.
The ogre is lightly wounded.
The gnoll sergeant barely misses you. The ogre misses you.
The goblin closely misses you.
You puncture the ogre!
The ogre is moderately wounded.
The gnoll sergeant hits you from afar with a +0 spear!
The goblin hits you with a +0 club. The ogre closely misses you.
You hit the ogre.
The ogre is moderately wounded.
The gnoll sergeant closely misses you. The goblin hits you but does no damage.
You puncture the ogre!
The ogre is heavily wounded.
The gnoll sergeant hits you from afar with a +0 spear.
The ogre misses you. The goblin misses you.
You hit the ogre but do no damage.
The ogre is heavily wounded.
The gnoll sergeant completely misses you.
The goblin closely misses you. The ogre barely misses you.
You barely miss the ogre.
The ogre is heavily wounded.
The goblin closely misses you.
The gnoll sergeant hits you from afar with a +0 spear!
You are too injured to fight recklessly!
You are too injured to fight recklessly!
You are too injured to fight recklessly!
You are too injured to fight recklessly!
You are too injured to fight recklessly!
You are too injured to fight recklessly!
You are too injured to fight recklessly!
You are too injured to fight recklessly!
You are too injured to fight recklessly!
You are too injured to fight recklessly!
You hit the ogre.
The ogre is severely wounded.
The gnoll sergeant hits you from afar with a +0 spear!
* * * LOW HITPOINT WARNING * * *
The ogre hits you with a +0 giant club!!
You die...

#....##.........
#....##.#.......
#....##.####..##
.......#.##<...#
###.....#..#)##.##
##.......#......
#.##......##.##
#####.##......##.##
#g@.g.####.........
#O##..####......###
#(. #....##.........
#.. #....##......### .
#.. #....##.......##
..#####.........#.#.##
##.........###..#.#.#
#>......#### ##.....##
#.##.#.....# #####...


You could see an ogre, a gnoll sergeant and a goblin.

Vanquished Creatures
  A sky beast (D:5)
  An ice beast (D:5)
  2 ogres
  4 phantoms
  2 scorpions (D:5)
  A necrophage (D:5)
  A hound (D:4)
  An orc wizard (D:3)
  7 gnolls
  2 adders (D:2)
  A white imp (D:5)
  A worm (D:4)
  A dart slug (D:1)
  3 orcs (D:3)
  5 ball pythons
  6 endoplasms
  5 giant cockroaches
  10 goblins
  4 hobgoblins
  11 jackals
  7 quokkas
  3 bats
  2 frilled lizards
  7 kobolds
  6 rats
94 creatures vanquished.

Vanquished Creatures (others)
  A plant (D:1)
1 creature vanquished.

Grand Total: 95 creatures vanquished

Notes
Turn   | Place    | Note
-------+----------+-------------------------------------------
     0 | D:1      | qeuew the Merfolk Gladiator began the quest for the Orb.
     0 | D:1      | Reached XP level 1. HP: 16/16 MP: 1/1
   220 | D:1      | Reached XP level 2. HP: 23/23 MP: 2/2
   314 | D:1      | Found a faded altar of an unknown god.
   768 | D:1      | Gained mutation: Your muscles are strong. (Str +4, Int/Dex
                  | -1) [potion of mutation]
   768 | D:1      | Gained mutation: Your system is resistant to poisons.
                  | (rPois) [potion of mutation]
  1001 | D:2      | Reached XP level 3. HP: 18/28 MP: 3/3
  1769 | D:2      | Reached XP level 4. HP: 34/34 MP: 4/4
  2037 | D:2      | Found Vemercho's Distillery.
  2041 | D:2      | You fall into a shaft and drop 1 floor!
  2197 | D:2      | Identified a scroll of acquirement
  2197 | D:2      | Acquired 660 gold pieces
  2589 | D:3      | Reached skill level 1 in Armour
  3186 | D:4      | Noticed a phantom
  3199 | D:4      | Reached XP level 5. HP: 38/41 MP: 5/5
  3231 | D:4      | Found a shadowy altar of Dithmenos.
  3299 | D:4      | Noticed a phantom
  3321 | D:4      | Killed a phantom
  3322 | D:4      | Reached skill level 5 in Polearms
  3322 | D:4      | Reached skill level 5 in Dodging
  3335 | D:4      | Killed a phantom
  3336 | D:4      | Reached skill level 1 in Evocations
  3336 | D:4      | Reached XP level 6. HP: 13/47 MP: 6/6
  3703 | D:4      | Found a staircase to the Ecumenical Temple.
  3734 | Temple   | Entered the Ecumenical Temple
  3976 | Temple   | Became a worshipper of Hepliaklqana the Forgotten
  4045 | D:5      | Entered Level 5 of the Dungeon
  4068 | D:5      | Reached XP level 7. HP: 30/53 MP: 7/7
  4889 | D:5      | Reached XP level 8. HP: 56/61 MP: 8/8
  5361 | D:5      | Mangled by an ogre

Illustrated notes

Levels and vault maps discovered:
D:1:      ebering_hopf_link, layout_basic, basic_ecumenical_altar,
          supply_closet_lemuel, corner_web_ring, serial_bayou_lagoon_a
D:2:      layout_basic, serial_shops, shop
D:3:      layout_basic
D:4:      layout_rooms, lemuel_crystal_altar, minmay_temple_entry_gardened_gates
D:5:      layout_rooms, st_stairs_3, minmay_ogre_servants
Temple:   nicolae_temple_bog_church

Skill      XL: |  1  2  3  4  5  6  7  8 |
---------------+-------------------------+-----
Fighting       | 3 4 |  4.6
Armour         | 1 2 |  2.6
Polearms       | 5 6 |  6.4
Throwing       | 3 4 |  4.4
Dodging        | 5 6 |  6.5
Evocations     | 1 2 3 |  3.0

Action                   |  1- 3 |  4- 6 |  7- 9 || total
-------------------------+-------+-------+-------++-------
Melee: Trident           |   148 |   152 |   150 ||   450
       Punch             |       |       |     2 ||     2
  Use: Potion            |     3 |     3 |       ||     6
       Scroll            |     2 |     8 |     1 ||    11
 Stab: Sleeping          |       |     4 |       ||     4
       Distracted        |       |     1 |       ||     1
Armor: Leather armour    |    49 |    25 |    22 ||    96
Dodge: Dodged            |   215 |    95 |   153 ||   463
